 Dungeon Crawl Stone Soup version 0.23.2-33-g5129a83184 (webtiles) character file.

Game seed: 9193358423601102041

4 MalarOregon the Digger (level 1, -3/15 HPs)
             Began as a Ghoul Earth Elementalist on July 8, 2019.
             Slain by a kobold
             ... wielding a +0 short sword
              (6 damage)
             ... on level 1 of the Dungeon.
             The game lasted 00:00:18 (73 turns).

MalarOregon the Digger (Ghoul Earth Elementalist)     Turns: 73, Time: 00:00:18

Health: -3/15      AC:  2    Str: 11    XL:     1   Next: 60%
Magic:  2/2        EV: 12    Int: 10    God:
Gold:   0          SH:  0    Dex:  9    Spells: 2/3 levels left

rFire    . . .     SeeInvis .   (no weapon)
rCold    + . .     Gourm    .   (no shield)
rNeg     + + +     Faith    .   c - +0 robe
rPois    ∞         Spirit   .   (no helmet)
rElec    .         Reflect  .   (no cloak)
rCorr    .         Harm     .   (no gloves)
MR       .....                  (no boots)
Stlth    ++........             (no amulet)
HPRegen  0.00/turn              (no ring)
MPRegen  0.08/turn              (no ring)

@: rotting
A: rotting body, claws 1, carnivore, cold resistance 1, negative energy
resistance 3, inhibited regeneration, torment resistance, unbreathing
a: no special abilities


You were on level 1 of the Dungeon.
You were not hungry.

You visited 1 branch of the dungeon, and saw 1 of its levels.

Inventory:

Missiles
 b - 30 stones (quivered)
Armour
 c - a +0 robe (worn)
Potions
 a - a potion of berserk rage {unknown}
Comestibles
 e - 2 rations {!d}


   Skills:
 + Level 0.4 Fighting
 - Level 1.7 Dodging
 - Level 2.1 Stealth
 + Level 1.9 Spellcasting
   Level 0.8 Transmutations
 + Level 3.3 Earth Magic


You had 2 spell levels left.
You knew the following spells:

 Your Spells              Type           Power        Failure   Level  Hunger
a - Sandblast             Erth           #.....       8%          1    ##.....

Your spell library contained the following spells:

 Spells                   Type           Power        Failure   Level  Hunger
 Passwall                 Tmut/Erth      #.......     21%         2    ###....
 Stone Arrow              Conj/Erth      #.....       43%         3    ####...
 Petrify                  Tmut/Erth      #.......     78%         4    #####..
 Lee's Rapid Deconstruct  Erth           #.........   91%         5    ######.


Dungeon Overview and Level Annotations

Branches:
Dungeon (1/15)

Altars:


Innate Abilities, Weirdness & Mutations

Your body is rotting away.
You thrive on raw meat.
You are immune to poison.
You have sharp fingernails.
You are carnivorous and can eat meat at any time.
Your flesh is cold resistant. (rC+)
You are immune to negative energy. (rN+++)
You do not regenerate when monsters are visible.
You are immune to unholy pain and torment.
You can survive without breathing.


Message History

A giant cockroach is nearby!
You barely miss the giant cockroach. The giant cockroach barely misses you.
You scratch the giant cockroach.
You kill the giant cockroach!
A goblin comes into view. It is wielding a +0 club.
The goblin shouts!
You hear a shout!
A hobgoblin comes into view. It is wielding a +0 club.
A kobold comes into view. It is wielding a +0 short sword.
Found a scroll labeled MUOPPOCZO.
The kobold shouts!
Found 30 stones.
The kobold throws a stone.
The stone barely misses you.
You see here a stone.
There is a stone staircase leading down here.
The goblin misses you.
You scratch the goblin but do no damage.
The hobgoblin hits you but does no damage.
You barely miss the goblin. The goblin hits you but does no damage.
You scratch the goblin. The goblin closely misses you.
You scratch the goblin but do no damage.
The goblin barely misses you.
You scratch the goblin but do no damage.
The goblin completely misses you.
You barely miss the goblin. The goblin completely misses you.
You scratch the goblin.
You kill the goblin!
You scratch the hobgoblin. The hobgoblin hits you with a +0 club.
You closely miss the hobgoblin.
The hobgoblin hits you but does no damage.
You scratch the hobgoblin. You scratch the hobgoblin.
You kill the hobgoblin!
You scratch the kobold but do no damage.
The kobold barely misses you.
You completely miss the kobold. The kobold closely misses you.
You scratch the kobold but do no damage.
The kobold closely misses you.
You closely miss the kobold. The kobold barely misses you.
You closely miss the kobold.
The kobold hits you with a +0 short sword.
* * * LOW HITPOINT WARNING * * *
You scratch the kobold but do no damage.
The kobold misses you.
You miss the kobold.
The kobold hits you with a +0 short sword.
* * * LOW HITPOINT WARNING * * *
You closely miss the kobold. The kobold hits you but does no damage.
You scratch the kobold but do no damage.
The kobold hits you with a +0 short sword.
You die...

.....K... #.......
.##.....# ........#
#.## #(.#
##.########
.#####..#.....#####
.......>.......K@.#
#######.#.....###.#
#...<##.##.#### .#
..#..##..#.### .#
####.#.......# .#
.#.##.#.#.#.# .#
#§#.#.....#.# .#
#.#.#.......# .#
.##.##.##...####


You could see a kobold.

Vanquished Creatures
  A giant cockroach (D:1)
  A goblin (D:1)
  A hobgoblin (D:1)
3 creatures vanquished.

Notes
Turn   | Place    | Note
-------+----------+-------------------------------------------
     0 | D:1      | MalarOregon the Ghoul Earth Elementalist began the quest
                  | for the Orb.
     0 | D:1      | Reached XP level 1. HP: 14/14 MP: 2/2
    73 | D:1      | Slain by a kobold

Action                   || total
-------------------------++-------
Melee: Unarmed           ||    27
Armor: Robe              ||     5
Dodge: Dodged            ||    14
